 Dungeon Crawl Stone Soup version 0.30-a0-632-g346586fe48 (webtiles) character file.

Game seed: 4275056429824568245

65 wormed the Shield-Bearer (level 4, -4/37 HPs)
             Began as a Formicid Fighter on Jan 14, 2023.
             Slain by a gnoll
             ... wielding a +0 halberd
              (9 damage)
             ... on level 2 of the Dungeon.
             The game lasted 00:01:23 (962 turns).

wormed the Shield-Bearer (Formicid Fighter)          Turns: 962, Time: 00:01:23

Health: -4/37      AC: 11    Str: 20    XL:     4   Next: 34%
Magic:  4/4        EV:  8    Int:  8    God:
Gold:   52         SH:  9    Dex: 15    Spells: 3/3 levels left

rFire   . . .      SeeInvis +    a - +0 quarterstaff
rCold   . . .      Faith    .    s - +0 kite shield
rNeg    . . .      Spirit   .    b - +0 scale mail
rPois   .          Reflect  .    (helmet unavailable)
rElec   .          Harm     .    (no cloak)
rCorr   .          Rampage  .    (no gloves)
Will    .....                    (no boots) Stlth
                                 (no amulet)
HPRegen 0.26/turn                h - +4 ring of protection
MPRegen 0.09/turn                (no ring)

@: mighty
A: permanent stasis, dig shafts and tunnels, antennae 3, four strong arms
a: Dig, Shaft Self


You were on level 2 of the Dungeon.
You visited 1 branch of the dungeon, and saw 2 of its levels.

You collected 52 gold pieces.

Inventory:

Hand Weapons
 a - a +0 quarterstaff (weapon)
Missiles
 f - 6 poisoned darts
Armour
 b - a +0 scale mail (worn)
 c - a +0 buckler
 s - a +0 kite shield (worn)
Jewellery
 h - a +4 ring of protection (left hand)
Scrolls
 e - a scroll of identify {unknown}
 i - 2 scrolls of vulnerability {unknown}
 j - 2 scrolls of magic mapping {unknown}
 k - a scroll of torment {unknown}
 m - a scroll of fog {unknown}
 n - a scroll of teleportation {unknown}
 q - a scroll of poison {unknown}
 r - a scroll of fear {unknown}
Potions
 g - 2 potions of flight {unknown}
 l - a potion of ambrosia {unknown}
 o - a potion of berserk rage {unknown}
 p - 2 potions of attraction {unknown}


   Skills:
 + Level 3.7 Fighting
 * Level 2.9 Staves
 + Level 3.7 Armour
 + Level 1.0 Dodging
 + Level 4.4 Shields


You had 3 spell levels left.
You didn't know any spells.
Your spell library was empty.

Dungeon Overview and Level Annotations

Branches:
Dungeon (2/15)

Altars:


Innate Abilities, Weirdness & Mutations

You cannot be hasted, slowed, berserked, paralysed or teleported.
You can dig through walls and to a lower floor.
You have a pair of large antennae on your head. (SInv)
Your four strong arms can wield two-handed weapons with a shield.


Message History

You hit the gnoll.
The gnoll is almost dead.
You block the gnoll's attack.
You barely miss the gnoll.
The gnoll is almost dead.
You block the gnoll's attack.
You hit the gnoll but do no damage.
The gnoll is almost dead.
The gnoll hits you with a +0 mace.
You sock the gnoll!
You kill the gnoll!
A gnoll comes into view. It is wielding a +0 halberd.
You have reached level 4!
You feel clever.
You completely miss the gnoll. You block the gnoll's attack.
The gnoll hits you but does no damage.
You hit the gnoll.
The gnoll is lightly wounded.
The gnoll hits you from afar with a +0 halberd.
The gnoll hits you but does no damage.
The gnoll hits you from afar with a +0 halberd.
* * * LOW HITPOINT WARNING * * *
You hit the gnoll.
The gnoll is moderately wounded.
The gnoll barely misses you. The gnoll hits you but does no damage.
You feel very mighty all of a sudden. The gnoll hits you with a +0 whip.
* * * LOW HITPOINT WARNING * * *
The gnoll barely misses you.
You hit the gnoll.
The gnoll is severely wounded.
You block the gnoll's attack. The gnoll barely misses you.
You sock the gnoll!
You kill the gnoll!
You block the gnoll's attack.
Your Dodging skill increases to level 1!
The gnoll hits you with a +0 halberd.
* * * LOW HITPOINT WARNING * * *
You completely miss the gnoll. The gnoll hits you with a +0 halberd!
You die...

#≈≈≈≈#._.#≈≈≈≈#
[≈≈≈≈#...#≈≈≈≈#
##≈ ##'##≈≈≈≈#
#.†≈≈≈≈##
#...~~≈###)#
##.)~......#
##)#.######
#####g#.#
#...@.#.#
#.#####.# #.#
#.# #.# #.# #.#
#.####### #.#
#.).....# #.#
#######.# #.#
#.# #.# #.#


You could see a gnoll.

Vanquished Creatures
  3 gnolls (D:2)
  An adder (D:2)
  An endoplasm (D:2)
  2 giant cockroaches (D:1)
  A goblin (D:1)
  4 hobgoblins
  2 quokkas
  A ball python (D:2)
  2 bats
  2 frilled lizards
  3 kobolds (D:1)
  7 rats
29 creatures vanquished.

Notes
Turn   | Place    | Note
-------+----------+-------------------------------------------
     0 | D:1      | wormed the Formicid Fighter began the quest for the Orb.
     0 | D:1      | Reached XP level 1. HP: 18/18 MP: 1/1
   145 | D:1      | Reached XP level 2. HP: 24/24 MP: 2/2
   689 | D:2      | Reached XP level 3. HP: 29/29 MP: 3/3
   915 | D:2      | Found a faded altar of an unknown god.
   953 | D:2      | Reached XP level 4. HP: 16/37 MP: 4/4
   959 | D:2      | Reached skill level 1 in Dodging
   962 | D:2      | Slain by a gnoll

Illustrated notes

Levels and vault maps discovered:
D:1:      grunt_arrival_crossed_arrows, layout_basic
D:2:      layout_loops_ring, nicolae_ecumenical_lake_church,
          nicolae_concentric_dashed_squares_wild

Skill      XL: |  1  2  3  4 |
---------------+-------------+-----
Dodging        | 1 |  1.0
Fighting       | |  3.7
Staves         | |  2.9
Armour         | |  3.7
Shields        | |  4.4

Action                   |  1- 3 |  4- 6 || total
-------------------------+-------+-------++-------
Melee: Quarterstaff      |    89 |     6 ||    95
  Use: Potion            |       |     1 ||     1
Armor: Scale mail        |    57 |     3 ||    60
Dodge: Dodged            |    51 |     3 ||    54
Block: Buckler           |    15 |       ||    15
       Kite shield       |     5 |     3 ||     8

Table legend: (Time is in decaauts)
 A = Elapsed time spent in this place.
 B = Non-inter-level travel time spent in this place.
 C = Inter-level travel time spent in this place.
 D = Time resting spent in this place.
 E = Time spent auto-exploring this place.
 F = Levels seen in this place.
 G = Mean time per level.
                   A        B        C        D        E       F      G
               +--------+--------+--------+--------+--------+-----+--------+
         Total |    985 |    962 |     23 |      0 |    724 |   2 |  492.5 |
       Dungeon |    985 |    962 |     23 |      0 |    724 |   2 |  492.5 |
               +--------+--------+--------+--------+--------+-----+--------+

Top non-repeatable levels by time:
     D:1: 667 daAuts
     D:2: 317 daAuts
